Map: Deathaura LE

Players

HellraiseR - Winner!

  • Race: Protoss Protoss
  • League: Grandmaster
  • Spawn Location: 5:00

Garitos

  • Race: Zerg Zerg
  • League: Grandmaster
  • Spawn Location: 11:00

Event: DreamHack SC2 Masters 2020 Fall

VOD

Have the link to the VOD?

Description

Time

  • Played on: Sept. 3, 2020, 11:42 a.m.
  • Length: 13:20

All games in this series

Show
View Real Time Build Order
Export as new Build Order

HellraiseR Protoss - Winner!

Build Orders: 1 Gate Expand, Oracle Opening 

Get SALT Encoding   

  12  0:00  Probe  
  13  0:12  Probe  
  14  0:17  Pylon  
  14  0:24  Probe (Chrono Boost)  
  15  0:37  Gateway, Probe (Chrono Boost)  
  16  0:43  Probe (Chrono Boost)  
  16  0:46  Assimilator  
  17  0:51  Probe  
  18  1:03  Probe  
  19  1:15  Probe  
  20  1:25  Cybernetics Core  
  20  1:34  Nexus  
  20  1:41  Pylon  
  20  1:43  Probe  
  21  1:49  Assimilator  
  21  1:55  Probe  
  21  1:58  Adept (Chrono Boost)  
  24  2:08  Probe  
  25  2:17  Stargate  
  25  2:23  Stalker (Chrono Boost), Probe  
  28  2:32  Shield Battery  
  28  2:37  Probe  
  28  2:46  Probe  
  28  2:49  Probe  
  30  2:54  Void Ray (Chrono Boost)  
  32  2:58  Probe  
  32  3:01  Probe  
  34  3:09  Warp Gate  
  34  3:10  Probe (Chrono Boost)  
  35  3:16  Pylon  
  35  3:19  Probe (Chrono Boost)  
  37  3:21  Probe (Chrono Boost)  
  37  3:26  Probe x2 (Chrono Boost)  
  40  3:31  Oracle (Chrono Boost)  
  40  3:32  Assimilator  
  42  3:37  Assimilator, Probe  
  42  3:39  Probe  
  44  3:47  Pylon  
  44  3:51  Gateway  
  45  3:56  Twilight Council  
  45  4:02  Gateway  
  44  4:07  Probe x2  
  46  4:13  Oracle (Chrono Boost)  
  49  4:19  Probe  
  49  4:20  Gateway  
  49  4:21  Probe  
  51  4:27  Pylon  
  51  4:31  Probe  
  51  4:32  Resonating Glaives (Chrono Boost)  
  51  4:37  Probe  
  53  4:45  Probe  
  54  4:47  Oracle (Chrono Boost)  
  54  4:49  Probe  
  58  4:56  Pylon  
  58  5:00  Adept  
  58  5:04  Adept  
  58  5:06  Adept  
  64  5:08  Probe x2  
  66  5:15  Adept  
  66  5:18  Pylon  
  68  5:25  Probe  
  69  5:29  Nexus  
  69  5:42  Adept x2  
  71  5:43  Adept x2  
  71  5:46  Probe x2  
  77  5:51  Shield Battery  
  77  5:57  Pylon x2  
  77  6:00  Robotics Facility  
  77  6:05  Adept  
  77  6:06  Adept  
  77  6:09  Adept  
  77  6:10  Adept  
  85  6:17  Probe x2  
  87  6:22  Forge  
  87  6:27  Pylon  
  87  6:28  Sentry x2  
  87  6:29  Probe x2  
  87  6:31  Sentry x2  
  97  6:42  Blink  
  97  6:44  Probe x2 (Chrono Boost)  
  97  6:45  Probe (Chrono Boost)  
  100  6:52  Immortal (Chrono Boost)  
  94  6:56  Probe x2 (Chrono Boost)  
  94  6:57  Protoss Ground Weapons Level 1, Probe (Chrono Boost)  
  101  7:04  Probe x3 (Chrono Boost)  
  104  7:10  Probe x2  
  104  7:11  Probe  
  105  7:22  Sentry x2, Probe  
  102  7:23  Sentry, Stalker, Probe x2  
  106  7:33  Immortal (Chrono Boost), Gateway  
  106  7:34  Gateway  
  106  7:37  Gateway  
  106  7:38  Gateway  
  106  7:40  Assimilator  
  106  7:42  Assimilator  
  106  7:48  Stalker x3  
  106  7:50  Stalker  
  114  8:03  Pylon  
  114  8:04  Observer (Chrono Boost)  
  114  8:05  Pylon  
  115  8:09  Photon Cannon  
  115  8:13  Stalker x3  
  115  8:15  Warp Prism (Chrono Boost)  
  115  8:16  Zealot  
  115  8:18  Pylon  
  125  8:22  Pylon  
  125  8:28  Pylon  
  125  8:40  Stalker x2  
  125  8:41  Stalker x5  
  138  8:45  Pylon  
  138  8:46  Pylon  
  138  8:55  Protoss Ground Weapons Level 2 (Chrono Boost)  
  138  9:08  Nexus  
  138  9:18  Stalker x6  
  138  9:19  Stalker  
  146  9:31  Stalker  
  146  9:35  Robotics Bay, Immortal (Chrono Boost)  
  152  9:41  Adept x4  
  160  9:48  Pylon  
  160  9:49  Robotics Facility  
  160  9:51  Probe  
  161  9:55  Probe  
  161  9:57  Probe  
  163  10:03  Probe  
  163  10:05  Pylon  
  165  10:07  Probe  
  165  10:09  Immortal (Chrono Boost)  
  169  10:15  Probe  
  170  10:26  Photon Cannon  
  170  10:29  Photon Cannon, Pylon  
  170  10:33  Photon Cannon  
  170  10:36  Colossus x2 (Chrono Boost)  
  170  10:37  Extended Thermal Lance (Chrono Boost), Photon Cannon x2  
  181  11:06  Stalker x3  
  181  11:08  Probe  
  181  11:09  Probe x2  
  179  11:11  Probe  
  179  11:14  Colossus x2 (Chrono Boost)  
  192  11:20  Probe  
  192  11:21  Probe x2  
  195  11:26  Probe  
  193  11:33  Probe x3  
  193  11:38  Probe  
  182  11:43  Stalker x8  
  182  11:45  Probe  
  196  11:54  Probe x2  
  196  11:55  Probe  
  196  11:57  Probe  
  196  12:00  Warp Prism (Chrono Boost)  
  191  12:05  Observer (Chrono Boost)  
  191  12:06  Probe  
  191  12:07  Sentry x2  
  191  12:08  Sentry  
  199  12:10  Probe  
  199  12:12  Photon Cannon  
  200  12:21  Pylon  
  185  12:34  Probe x3  
  185  12:37  Probe  
  179  12:41  Stalker x4  
  179  12:42  Stalker x2  
  191  12:57  Observer x2  
  191  12:58  Probe  
  187  13:07  Stalker x5  
  187  13:08  Stalker  
  187  13:12  Stalker x2  
Show
View Real Time Build Order
Export as new Build Order

Garitos Zerg 

Build Orders: Pool First 

Get SALT Encoding   

  12  0:00  Drone  
  13  0:13  Overlord  
  13  0:18  Drone  
  14  0:31  Drone x2  
  17  0:35  Drone  
  17  0:46  Extractor  
  17  0:47  Drone  
  17  0:51  Spawning Pool  
  17  0:57  Drone  
  17  1:18  Hatchery  
  17  1:21  Drone  
  17  1:24  Drone  
  18  1:39  Zergling x2  
  19  1:41  Queen  
  19  1:44  Zergling x2  
  22  1:51  Metabolic Boost  
  22  2:00  Overlord  
  22  2:13  Extractor  
  21  2:20  Drone x2, Queen  
  26  2:30  Drone x2  
  28  2:40  Drone  
  28  2:42  Drone  
  29  2:49  Drone  
  27  3:08  Drone x5  
  27  3:10  Hatchery  
  31  3:19  Drone, Evolution Chamber  
  31  3:22  Drone  
  32  3:28  Drone x3  
  32  3:31  Overlord  
  35  3:45  Zerg Melee Weapons Level 1  
  35  3:48  Queen  
  35  3:50  Drone x2  
  35  3:51  Drone x3  
  42  4:00  Queen, Spore Crawler  
  42  4:02  Overlord  
  43  4:11  Drone  
  44  4:18  Overlord  
  44  4:22  Zergling x4  
  44  4:23  Zergling x8  
  50  4:29  Drone  
  50  4:30  Drone  
  52  4:32  Spore Crawler  
  52  4:36  Drone x3  
  52  4:37  Drone x2, Queen  
  58  4:47  Overlord  
  58  4:53  Spore Crawler  
  58  4:54  Drone  
  58  5:02  Overlord x2  
  58  5:09  Overlord  
  58  5:10  Drone  
  59  5:15  Drone x3  
  61  5:23  Drone x5  
  61  5:24  Drone x4  
  61  5:25  Drone  
  71  5:30  Drone  
  71  5:33  Drone  
  71  5:38  Drone  
  71  5:39  Drone x4  
  71  5:40  Drone  
  71  5:41  Drone x2  
  73  5:44  Lair  
  73  5:47  Drone  
  73  5:48  Extractor  
  73  5:49  Drone  
  72  5:50  Drone  
  72  5:52  Queen  
  72  5:53  Zergling x2  
  72  5:54  Zergling x4  
  78  6:00  Extractor, Zergling x6  
  78  6:01  Queen, Hatchery  
  78  6:02  Extractor  
  78  6:04  Zergling x4  
  82  6:05  Zergling x2  
  82  6:10  Zergling x2  
  82  6:11  Drone, Extractor  
  85  6:18  Zergling x6  
  85  6:20  Drone x2  
  85  6:24  Roach Warren  
  85  6:25  Zergling x2  
  88  6:26  Zergling x2  
  89  6:45  Zergling x2  
  83  6:47  Zergling x4  
  83  6:48  Zergling x10  
  90  6:58  Zergling x8  
  90  7:00  Zerg Melee Weapons Level 2  
  90  7:03  Baneling Nest  
  89  7:10  Zergling x4  
  89  7:11  Drone, Zergling x2  
  85  7:18  Drone  
  85  7:21  Drone x3, Hydralisk Den  
  85  7:22  Drone  
  88  7:24  Drone x2  
  88  7:25  Drone x2  
  88  7:28  Drone x3  
  95  7:34  Drone  
  96  7:50  Grooved Spines  
  96  8:07  Centrifical Hooks  
  96  8:08  Overlord x4  
  96  8:15  Overlord  
  95  8:27  Hydralisk  
  95  8:28  Hydralisk x2  
  95  8:30  Hydralisk  
  95  8:31  Hydralisk x7  
  95  8:32  Drone  
  95  8:33  Drone x3  
  120  8:35  Roach  
  120  8:36  Roach x3  
  120  8:38  Drone x2  
  120  8:39  Drone  
  120  8:40  Drone  
  127  8:42  Roach  
  127  8:45  Roach x2  
  127  8:46  Roach, Zergling x2  
  134  8:50  Baneling x3  
  134  8:54  Drone  
  134  8:55  Drone  
  136  9:01  Ravager x2  
  135  9:03  Drone  
  135  9:04  Drone  
  136  9:11  Baneling x5  
  133  9:18  Overlord  
  130  9:29  Hydralisk x2  
  130  9:30  Zergling x6  
  130  9:31  Overlord x3  
  127  9:32  Overlord  
  127  9:33  Overlord  
  127  9:35  Muscular Augments  
  127  9:37  Overlord  
  127  9:38  Zergling x16  
  128  9:41  Overlord  
  128  9:43  Overlord, Zerg Missile Weapons Level 1  
  135  9:47  Overlord  
  135  9:48  Overlord  
  135  9:49  Zergling x2  
  136  9:53  Baneling x6  
  136  9:54  Zergling x10  
  136  9:56  Spore Crawler  
  136  9:57  Zergling x8  
  144  10:00  Spore Crawler  
  144  10:06  Zergling x4  
  144  10:07  Zergling x2  
  146  10:10  Hydralisk, Zergling x4  
  146  10:12  Roach x2  
  146  10:13  Roach  
  154  10:16  Ravager x3  
  154  10:18  Drone x4  
  161  10:22  Extractor  
  161  10:24  Zergling x2  
  161  10:25  Zergling x2  
  162  10:32  Pneumatized Carapace  
  162  10:33  Hydralisk  
  162  10:34  Hydralisk  
  162  10:35  Drone x3  
  169  10:36  Zergling x2  
  169  10:37  Zergling x10  
  169  10:41  Baneling x5  
  175  10:46  Hydralisk  
  177  10:52  Zergling x4  
  177  10:53  Hydralisk  
  177  10:54  Hydralisk  
  183  10:57  Hydralisk  
  183  10:59  Zergling x2  
  183  11:00  Zergling x4  
  183  11:02  Zergling x6  
  183  11:03  Hydralisk  
  183  11:04  Hydralisk  
  182  11:05  Drone x3  
  182  11:10  Zergling x4  
  189  11:12  Baneling  
  189  11:13  Baneling x2  
  189  11:15  Drone x3  
  189  11:17  Extractor  
  189  11:18  Extractor, Overlord  
  191  11:20  Overlord  
  191  11:21  Baneling x2  
  191  11:23  Zergling x6  
  191  11:25  Drone x4  
  195  11:28  Overlord x2  
  195  11:37  Zergling x4  
  187  11:43  Drone x2, Overlord  
  187  11:45  Zergling x6  
  187  11:48  Baneling  
  187  11:49  Baneling x15  
  187  11:50  Baneling x2  
  187  11:51  Baneling  
  187  11:52  Baneling  
  187  11:53  Zergling x2  
  182  11:56  Hatchery  
  182  11:59  Zergling x2  
  182  12:00  Baneling  
  182  12:01  Baneling x4  
  182  12:05  Zergling x8  
  182  12:06  Drone x3  
  189  12:13  Hydralisk Den  
  189  12:14  Spire  
  188  12:16  Zergling x2  
  160  12:31  Zergling x22  
  155  12:42  Ravager x2  
  155  12:43  Ravager x2  
  155  12:44  Zergling x6  
  157  12:45  Zergling x4  
  157  12:50  Baneling x7  
  154  12:57  Zergling x12  
  155  12:59  Baneling x2  

Tags
 
Add a new tag
Caveats
  • Supply blocks, unpowered buildings, or Contaminate may cause inaccurate times.
  • Supply counts are checked every 10 seconds.